 Dungeon Crawl Stone Soup version 0.29-a0-721-g7f417c9bbb (webtiles) character file.

Game seed: 9895355947770411662

324 riojii the Magician (level 6, -3/46 HPs)
             Began as a Djinni Air Elementalist on June 28, 2022.
             Slain by an orc wizard
             ... wielding a +0 dagger
              (4 damage)
             ... on level 4 of the Dungeon.
             The game lasted 00:05:32 (4356 turns).

riojii the Magician (Djinni Air Elementalist)       Turns: 4356, Time: 00:05:32

Health: -3/46      AC:  2    Str:  7    XL:     6   Next: 78%
Gold:   112        EV: 12    Int: 19    God:
                   SH:  0    Dex: 19

rFire   + + .      SeeInvis .   (no weapon)
rCold   x . .      Faith    .   (no shield)
rNeg    . . .      Spirit   .   m - +0 robe "Poaryo" {rCorr Dex+6 Stlth+}
rPois   ∞          Reflect  .   (no helmet)
rElec   .          Harm     .   (no cloak)
rCorr   +          Rampage  .   (no gloves)
Will    +....                   (boots unavailable)
Stlth   +++.......              (no amulet)
HPRegen 0.15/turn               j - ring of willpower
MPRegen 0.00/turn               (no ring)

@: flying
A: sickness immunity, fire resistance 2, cold vulnerability 1, float, innate
caster, HP casting, extra vitality 1
a: no special abilities


You were on level 4 of the Dungeon.
You visited 1 branch of the dungeon, and saw 4 of its levels.

You collected 112 gold pieces.

Inventory:

Missiles
 f - a throwing net
Armour
 m - the +0 robe "Poaryo" (worn) {rCorr Dex+6 Stlth+}
   (You found it on level 4 of the Dungeon)

   Dex:       It affects your dexterity (+6).
   rCorr:     It protects you from acid and corrosion.
   Stlth:     It makes you more stealthy.
Jewellery
 j - a ring of willpower (left hand)
Scrolls
 a - a scroll of identify {unknown}
 b - 3 scrolls of teleportation
 d - a scroll of amnesia {unknown}
 e - a scroll of fear
 k - a scroll of torment {unknown}
Potions
 c - a potion of resistance {unknown}
 g - a potion of degeneration {unknown}
 h - a potion of ambrosia {unknown}
 i - a potion of brilliance {unknown}
 l - a potion of heal wounds {unknown}


   Skills:
 + Level 3.3 Fighting
 - Level 2.1 Dodging
 - Level 1.5 Stealth
 * Level 4.6 Spellcasting


You had one spell level left.
You knew the following spells:

 Your Spells              Type           Power      Damage    Failure   Level
a - Shock                 Conj/Air       88%        1d8       1%          1
b - Static Discharge      Conj/Air       22%        N/A       2%          2
c - Swiftness             Air            22%        N/A       5%          3
d - Airstrike             Air            11%        N/A       19%         4
e - Freeze                Ice            88%        1d10      1%          1
f - Searing Ray           Conj           44%        2d6       2%          2
Your spell library was empty.

Dungeon Overview and Level Annotations

Branches:
Dungeon (4/15)
 Temple: D:4-7

Altars:


Innate Abilities, Weirdness & Mutations

You are immune to sickness and miasma.
You are immune to poison.
Your flesh is very heat resistant. (rF++)
You are vulnerable to cold. (rC-)
You float through the air rather than walking.
You learn spells naturally, not from books.
Your magical power is your life essence.
You have superior vitality. (+4 MHP)


Message History

Casting: Shock (safe; 1% risk of failure)
Confirm with . or Enter, or press ? or * to list all spells.
Aiming: Searing Ray (safe; 2% risk of failure)
Press: ? - help, Shift-Dir - straight line, f - orc priest
Aim: an orc priest, wielding a +0 flail (78% to hit)
Okay, then.
The orc priest mumbles some strange prayers to Beogh against you.
Beogh smites you!
You hear a shout!
You see here a fizzy emerald potion.
You hear a shout!
The orc attacks as you move away! The orc misses you.
The orc barely misses you.
Casting: Searing Ray (safe; 2% risk of failure)
Confirm with . or Enter, or press ? or * to list all spells.
Aiming: Searing Ray (safe; 2% risk of failure)
Press: ? - help, Shift-Dir - straight line, f - orc priest
Aim: an orc priest, wielding a +0 flail (78% to hit)
The searing ray hits the orc.
The orc is severely wounded.
The searing ray misses the orc wizard.
The searing ray hits the orc priest.
The orc priest is moderately wounded. (Press . to maintain the ray.)
The orc barely misses you. The orc closely misses you.
The searing ray hits the orc!
You kill the orc!
The searing ray hits the orc priest!
The orc priest is almost dead.
The orc wizard hits you with a +0 dagger.
The orc hits you with a +0 dagger.
The orc priest calls down the wrath of Beogh upon you.
Pain shoots through your body!
* * * LOW HITPOINT WARNING * * *
The searing ray hits the orc priest.
You kill the orc priest!
* * * LOW HITPOINT WARNING * * *
The orc hits you with a +0 dagger.
* * * LOW HITPOINT WARNING * * *
The orc wizard hits you with a +0 dagger.
You die...

...####.# #........
....###.###........
.....##............
...[..........<....
......#####.#######
......# #...#####
......# ##.(....#
......# #......#
...♣♣.♣ #....@.#
...♣ #...o)o# ###♣
♣####...♣.♣#
♣.......♣)♣
♣######.♣.♣ #.♣.♣
#.♣.♣ #.♣.♣ #.♣.♣


You could see an orc wizard and an orc.

Vanquished Creatures
  A steam dragon (D:4)
  A jelly (D:4)
  An orc priest (D:4)
  3 gnolls (D:4)
  5 adders
  2 worms (D:2)
  7 dart slugs
  5 orcs
  5 ball pythons
  8 endoplasms
  8 giant cockroaches
  2 goblins (D:2)
  3 hobgoblins (D:1)
  7 jackals
  A kobold (D:1)
  8 bats
  2 frilled lizards
  6 rats
75 creatures vanquished.

Vanquished Creatures (others)
  7 plants (D:4)
7 creatures vanquished.

Grand Total: 82 creatures vanquished

Notes
Turn   | Place    | Note
-------+----------+-------------------------------------------
     0 | D:1      | riojii the Djinni Air Elementalist began the quest for the
                  | Orb.
     0 | D:1      | riojii set off with the following spells memorised: Shock,
                  | Static Discharge, Swiftness, Airstrike.
     0 | D:1      | Reached XP level 1. HP: 15/15 MP: 0/0
   358 | D:1      | Reached XP level 2. HP: 20/22 MP: 0/0
   511 | D:1      | Found a faded altar of an unknown god.
   535 | D:1      | Reached skill level 1 in Fighting
   824 | D:1      | Reached XP level 3. HP: 25/27 MP: 0/0
   824 | D:1      | Learned a level 1 spell: Freeze
   892 | D:1      | Reached skill level 3 in Spellcasting
  1621 | D:2      | Reached XP level 4. HP: 12/32 MP: 0/0
  3135 | D:3      | Reached XP level 5. HP: 32/38 MP: 0/0
  3135 | D:3      | Learned a level 2 spell: Searing Ray
  3785 | D:4      | Reached skill level 4 in Spellcasting
  3935 | D:4      | Identified the +0 robe "Poaryo" {rCorr Dex+6 Stlth+}
  4105 | D:4      | Reached XP level 6. HP: 42/45 MP: 0/0
  4132 | D:4      | Noticed a steam dragon
  4137 | D:4      | Killed a steam dragon
  4356 | D:4      | HP: 1/46 [orc/+0 dagger (4)]
  4356 | D:4      | Slain by an orc wizard

Illustrated notes

Levels and vault maps discovered:
D:1:      dpeg_arrival_solitude, layout_loops_cross,
          hellmonk_ecumenical_altar_blasted, minmay_box_of_dots
D:2:      layout_rooms
D:3:      layout_basic, kennysheep_cross_bottleneck
D:4:      layout_rooms, serial_forest, infiniplex_forest_corner_1,
          infiniplex_forest_pool, infiniplex_forest_straight_4,
          infiniplex_forest_lined_room_2, infiniplex_forest_straight_3,
          infiniplex_forest_end_3, infiniplex_forest_lined_2,
          infiniplex_forest_clump_cross, amcnicky_mini_rare_corridor_liquid,
          uniq_ijyb

Skill      XL: |  1  2  3  4  5  6 |
---------------+-------------------+-----
Fighting       | 1 2 3 |  3.3
Spellcasting   | 3 4 |  4.6
Dodging        | |  2.1
Stealth        | |  1.5

Action                   |  1- 3 |  4- 6 || total
-------------------------+-------+-------++-------
Melee: Unarmed           |    11 |     1 ||    12
       Punch             |     1 |       ||     1
 Cast: Shock             |    64 |    74 ||   138
       Static Discharge  |     2 |     3 ||     5
       Searing Ray       |       |    10 ||    10
  Use: Scroll            |       |     5 ||     5
 Stab: Sleeping          |       |     1 ||     1
Armor: Robe              |     2 |     3 ||     5
Dodge: Dodged            |    15 |    17 ||    32

Table legend: (Time is in decaauts)
 A = Elapsed time spent in this place.
 B = Non-inter-level travel time spent in this place.
 C = Inter-level travel time spent in this place.
 D = Time resting spent in this place.
 E = Time spent auto-exploring this place.
 F = Levels seen in this place.
 G = Mean time per level.
                   A        B        C        D        E       F      G
               +--------+--------+--------+--------+--------+-----+--------+
         Total |   4354 |   4307 |     47 |    713 |   3228 |   4 | 1088.5 |
       Dungeon |   4354 |   4307 |     47 |    713 |   3228 |   4 | 1088.5 |
               +--------+--------+--------+--------+--------+-----+--------+

Top non-repeatable levels by time:
     D:2: 1732 daAuts
     D:1: 1150 daAuts
     D:3: 834 daAuts
     D:4: 637 daAuts
